 Dungeon Crawl Stone Soup version 0.31.0-32-g396128a36d (webtiles) character file.

Game seed: 8502587126014535923

914 DildoBatman the Conjurer (level 8, 0/60 HPs)
             Began as a Formicid Conjurer on Mar 8, 2024.
             Slain by a hound (2 damage)
             ... on level 6 of the Dungeon.
             The game lasted 00:11:34 (4663 turns).

DildoBatman the Conjurer (Formicid Conjurer)        Turns: 4663, Time: 00:11:34

Health: 0/60       AC:  3    Str: 15    XL:     8   Next: 30%
Magic:  18/24      EV: 12    Int: 20    God:
Gold:   71         SH:  0    Dex: 12    Spells: 10/16 levels left

rFire   . . .        a - +9 dagger of Bodily Humours {speed, Str+3}
rCold   . . .        (no shield)
rNeg    . . .        h - +0 robe
rPois   .            (helmet unavailable)
rElec   .            (no cloak)
rCorr   .            t - +0 pair of gloves
SInv    +            (no boots)
Will    .....        l - amulet of faith
Stlth   ++           v - ring of magical power
HPRegen 0.30/turn    (no ring)
MPRegen 0.19/turn

%: faith
@: no status effects
A: permanent stasis, dig shafts and tunnels, antennae 3, four strong arms
a: Dig, Shaft Self


You were on level 6 of the Dungeon.
You visited 2 branches of the dungeon, and saw 7 of its levels.

You collected 185 gold pieces.
You spent 114 gold pieces at shops.

Inventory:

Hand Weapons
 a - the +9 dagger of Bodily Humours (weapon) {speed, Str+3}
   (You found it on level 5 of the Dungeon)

   Str+3:     It affects your strength (+3).
Missiles
 c - 34 stones
 k - a throwing net
 m - 4 poisoned darts
 q - 4 boomerangs
Armour
 h - a +0 robe (worn)
 t - a +0 pair of gloves (worn)
 w - the +0 leather armour of Dim Light {rElec rF++ Will- Dex+3}
   (You found it on level 3 of the Dungeon)

   Dex+3:     It affects your dexterity (+3).
   rF++:      It greatly protects you from fire.
   rElec:     It insulates you from electricity.
   Will-:     It decreases your willpower.
 x - the +2 scale mail "Sicojeeq" {rN+}
   (You found it on level 4 of the Dungeon)

   rN+:       It protects you from negative energy.
Jewellery
 l - an amulet of faith (around neck)
 v - a ring of magical power (left hand)
Wands
 d - a wand of paralysis (5)
Scrolls
 e - 2 scrolls of poison
 f - 2 scrolls of vulnerability {unknown}
 j - a scroll of silence {unknown}
 o - a scroll of noise {unknown}
 r - a scroll of acquirement {unknown}
 s - a scroll of revelation {unknown}
 u - a scroll of butterflies {unknown}
 z - a scroll of enchant weapon {unknown}
Potions
 b - a potion of magic
 g - 2 potions of heal wounds {unknown}
 i - a potion of degeneration {unknown}
 n - 4 potions of attraction {unknown}
 A - a potion of haste {unknown}
 B - a potion of mutation {unknown}
 C - a potion of lignification {unknown}


   Skills:
 + Level 4.1 Fighting
 + Level 4.1 Armour
 - Level 3.0 Dodging
 - Level 4.0 Stealth
 + Level 4.6 Spellcasting
 + Level 5.2 Conjurations


You had 10 spell levels left.
You knew the following spells:

 Your Spells              Type           Power      Damage    Failure   Level
a - Searing Ray           Conj           50%        2d6       2%          2
b - Mephitic Cloud        Conj/Alch/Air  11%        N/A       19%         3
c - Magic Dart            Conj           100%       1d8       1%          1

Your spell library contained the following spells:

 Spells                   Type           Power      Damage    Failure   Level
 Kiss of Death            Conj/Necr      60%        2d10      4%          1
 Ensorcelled Hibernation  Hex/Ice        8%         N/A       19%         2
 Mercury Vapours          Alch/Air       8%         N/A       19%         2
 Confusing Touch          Hex            4%         N/A       34%         3
 Passwall                 Erth           4%         N/A       34%         3
 Fulminant Prism          Conj/Alch      7%         3d7       38%         4
 Iskenderun's Mystic Bla  Conj/Tloc      15%        2d5       38%         4
 Dispel Undead            Necr           4%         3d7       75%         4
 Freezing Cloud           Conj/Ice/Air   5%         6-21      86%         5
 Swiftness                Air            Unusable   N/A       N/A         3

Dungeon Overview and Level Annotations

Branches:
Dungeon (6/15)             Temple (1/1) D:5

Altars:
Ashenzari
Cheibriados
Dithmenos
Elyvilon
Fedhas
Gozag
Hepliaklqana
Makhleb
Okawaru
Qazlal
Sif Muna
Trog
Uskayaw
Vehumet
Wu Jian
Yredelemnul
Zin
The Shining One

Shops:
D:1 *   D:4 [

Annotations:
D:4 1 runed translucent door, exclusion: ogre, Crazy Yiuf
D:5 exclusion: bombardier beetle, Sigmund


Innate Abilities, Weirdness & Mutations

You cannot be hasted, slowed, berserked, paralysed or teleported.
You can dig through walls and to a lower floor.
You have a pair of large antennae on your head. (SInv)
Your four strong arms can wield two-handed weapons with a shield.


Message History

The kobold hits you but does no damage.
A kobold comes into view. It is wielding a +0 whip.
The bullfrog barely misses you.
You barely miss the bullfrog.
The bullfrog is moderately wounded.
You feel sick. The bullfrog hits you! The kobold closely misses you.
You feel sick.
You puncture the bullfrog!
The bullfrog is severely wounded.
The bullfrog barely misses you.
You hit the bullfrog.
The bullfrog is severely wounded.
You feel sick. The bullfrog hits you.
You puncture the bullfrog!
You kill the bullfrog!
You feel sick.
A hound comes into view.
The kobold hits you with a +0 whip. The hound bites you.
You see here a bullfrog corpse.
You barely miss the hound.
You feel sick. The hound bites you. The kobold hits you but does no damage.
You miss the hound.
You feel sick.
You are no longer poisoned.
The hound bites you.
A howler monkey comes into view.
The kobold barely misses you.
You closely miss the hound.
The howler monkey howls!
The hound bites you.
You hit the hound.
The hound is moderately wounded.
The hound bites you.
You die...

#.... #....
.... #..##
#...###
#.#...#####
##......^h..
#Khh.h......
#@#{<.......
#.#.........
#)#..{{..K..
#.#...{.!..)
#.#.........
#.#.........
#...######.###
#.### .. #.


You could see a howler monkey, 2 hounds and a kobold.

Vanquished Creatures
  2 phantoms
  A kobold brigand (D:6)
  A bullfrog (D:6)
  2 scorpions
  A howler monkey (D:5)
  A bombardier beetle (D:4)
  A jelly (D:5)
  A hound (D:5)
  2 orc priests (D:3)
  2 iguanas
  A sleepcap (D:4)
  2 orc wizards
  7 gnolls
  5 adders
  2 dart slugs
  11 orcs
  2 ball pythons
  3 endoplasms
  2 giant cockroaches (D:3)
  6 goblins
  6 hobgoblins
  7 jackals
  10 kobolds
  3 quokkas
  3 bats
  3 rats
87 creatures vanquished.

Notes
Turn   | Place    | Note
-------+----------+-------------------------------------------
     0 | D:1      | DildoBatman the Formicid Conjurer began the quest for the
                  | Orb.
     0 | D:1      | Reached XP level 1. HP: 13/13 MP: 3/3
   123 | D:1      | Found Suntat's Assorted Antiques.
   246 | D:1      | Reached XP level 2. HP: 15/20 MP: 3/5
   249 | D:1      | Learned a level 2 spell: Searing Ray
   589 | D:1      | Reached skill level 1 in Fighting
   589 | D:1      | Reached XP level 3. HP: 26/26 MP: 0/6
  1010 | D:2      | Reached skill level 1 in Armour
  1289 | D:2      | Found a faded altar of an unknown god.
  1419 | D:2      | Reached XP level 4. HP: 29/32 MP: 3/7
  2109 | D:3      | Reached skill level 4 in Conjurations
  2109 | D:3      | Reached XP level 5. HP: 38/38 MP: 4/9
  2435 | D:3      | Reached XP level 6. HP: 40/44 MP: 5/10
  2568 | D:3      | Identified the +0 leather armour of Dim Light {rElec rF++
                  | Will- Dex+3}
  2635 | D:4      | Found Eneckec's Antique Armour Shop.
  2807 | D:4      | Noticed a black bear
  2858 | D:4      | Identified the +2 scale mail "Sicojeeq" {rN+}
  2926 | D:4      | Reached XP level 7. HP: 47/51 MP: 7/12
  3232 | D:4      | Found a runed translucent door.
  3233 | D:4      | Noticed Crazy Yiuf
  3563 | D:5      | Entered Level 5 of the Dungeon
  3669 | D:1      | Bought a scroll labelled XOSACS BOMEU for 30 gold pieces
  3669 | D:1      | Bought a scroll labelled PIUDEA AVAOL for 30 gold pieces
  3669 | D:1      | Bought an amethyst potion for 27 gold pieces
  3669 | D:1      | Bought a pink potion for 27 gold pieces
  3776 | D:5      | Found a staircase to the Ecumenical Temple.
  3782 | Temple   | Entered the Ecumenical Temple
  3799 | D:5      | Noticed Sigmund
  3994 | D:5      | Identified the +9 dagger of Bodily Humours {speed, Str+3}
  4139 | D:5      | Reached XP level 8. HP: 53/60 MP: 14/14
  4274 | D:5      | Learned a level 3 spell: Mephitic Cloud
  4353 | D:5      | Reached skill level 5 in Conjurations
  4661 | D:6      | HP: 3/60 [hound (4)]
  4663 | D:6      | Slain by a hound

Illustrated notes

Levels and vault maps discovered:
D:1:      lightli_molten_gateway, layout_loops_ring, serial_shops, shop,
          dreamdust_mushroom_princess
D:2:      layout_loops_ring, serial_glass, glass_columns_b, glass_columns_b,
          shapermc_ecumenical_altar_flowoftime, minmay_cupped
D:3:      layout_basic
D:4:      layout_loops_ring, serial_shops, shop, uniq_crazy_yiuf_cottage
D:5:      layout_loops_corners, temple_green, uniq_sigmund
D:6:      layout_rooms, uniq_grinder
Temple:   hc_temple_tempest_star

Skill      XL: |  1  2  3  4  5  6  7  8 |
---------------+-------------------------+-----
Fighting       | 1 2 3 4 |  4.1
Dodging        | 2 3 |  3.0
Armour         | 1 2 3 4 |  4.1
Stealth        | 3 4 |  4.0
Conjurations   | 4 5 |  5.2
Spellcasting   | 3 4 |  4.6

Action                     |  1- 3 |  4- 6 |  7- 9 || total
---------------------------+-------+-------+-------++-------
  Melee: Unarmed           |    10 |       |       ||    10
         Dagger            |    38 |       |    42 ||    80
         Punch             |     1 |       |     2 ||     3
         Short sword       |       |    34 |    34 ||    68
   Cast: Magic Dart        |    36 |    29 |     2 ||    67
         Searing Ray       |     2 |    15 |    11 ||    28
    Use: Potion            |       |     1 |       ||     1
         Scroll            |       |       |     3 ||     3
   Stab: Sleeping          |     1 |       |     4 ||     5
 Armour: Robe              |    16 |    22 |    43 ||    81
         Skin              |       |       |     1 ||     1
  Dodge: Dodged            |     7 |    27 |    36 ||    70
